 Dungeon Sprint DCSS version 0.17-a0-1403-g9df874c (webtiles) character file.

1810 Kidiri the Covert (level 8, -4/36 HPs)
             Began as a Spriggan Enchanter on June 20, 2015.
             Was a Believer of Dithmenos.
             Slain by an earth elemental (40 damage)
             ... in the Dungeon (Sprint III: "The Ten Rune Challenge").
             The game lasted 00:07:34 (1239 turns).

Kidiri the Covert (Spriggan Enchanter)              Turns: 1239, Time: 00:07:35

Health: -4/36      AC:  5    Str:  4    XL:     8   Next: 84%
Magic:  20/23      EV: 25    Int: 15    God:    Dithmenos [**....]
Gold:   36         SH:  2    Dex: 18    Spells: 10 memorised, 0 levels left

rFire  . . .     SeeInvis +     a - +1 dagger
rCold  . . .     Clarity  .     b - +1 robe
rNeg   . . .     SustAt   .     (shield restricted)
rPois  .         Gourm    .     (helmet restricted)
rElec  .         Spirit   .     (no cloak)
rCorr  .         Warding  .     (gloves unavailable)
rMut   .         NoTele   +     (boots unavailable)
MR     +....                    (no amulet)
Stlth  ++++......               (no ring)
                                (no ring)

@: wreathed by umbra, very quick, somewhat resistant to hostile enchantments,
stealthy
A: unfitting armour, large bone plates 1, see invisible, dopey 1, herbivore 3,
speed 3, mutation resistance 1, slow metabolism 2, spit poison 1
a: Spit Poison, Shadow Step, Renounce Religion


You were in the Dungeon.
You worshipped Dithmenos.
Dithmenos was pleased with you.
You were not hungry.

You visited 1 branch You collected 36 gold pieces.

Inventory:

Hand weapons
 a - a +1 dagger (weapon)
Armour
 b - a +1 robe (worn)
 u - a troll hide {Snorg}
Scrolls
 j - a scroll of blinking
 q - a scroll of torment
 r - a scroll of remove curse
Potions
 e - 2 potions of curing
 f - a potion of heal wounds
 g - a potion of haste
 h - 2 potions of magic
 i - 2 potions of berserk rage
 l - a potion of might
 o - 4 potions of cure mutation
 p - a potion of brilliance
 t - 2 potions of flight
Books
 c - a book of Maledictions

   Spells                             Type                      Level
   a - Corona                         Hexes                        1
   b - Ensorcelled Hibernation        Hexes/Ice                    2
   c - Confuse                        Hexes                        3
   d - Tukima's Dance                 Hexes                        3
   e - Dazzling Spray                 Conjuration/Hexes            3
 k - a book of Hinderance

   Spells                             Type                      Level
   a - Confusing Touch                Hexes                        2
   b - Confuse                        Hexes                        3
   c - Gell's Gravitas                Hexes/Translocation          3
   d - Petrify                        Transmutation/Earth          4
   e - Metabolic Englaciation         Hexes/Ice                    5
 m - a book of Battle

   Spells                             Type                      Level
   a - Infusion                       Charms                       1
   b - Shroud of Golubria             Charms/Translocation         2
   c - Song of Slaying                Charms                       2
   d - Spectral Weapon                Hexes/Charms                 3
   e - Regeneration                   Charms/Necromancy            3
Comestibles
 d - a bread ration
 n - 3 fruits
 s - 2 royal jellies


   Skills:
 + Level 6.8 Short Blades
 + Level 9.3 Dodging
 * Level 13.9 Stealth
 * Level 10.8 Spellcasting
 + Level 4.1 Conjurations
 + Level 8.1 Hexes
 + Level 5.3 Charms
 + Level 3.3 Necromancy
 + Level 5.2 Translocations
 + Level 4.5 Ice Magic
 + Level 4.3 Invocations


You couldn't memorise any spells.
You knew the following spells:

 Your Spells              Type           Power        Failure   Level  Hunger
a - Corona                Hex            ####...      1%          1    None
b - Ensorcelled Hibernat  Hex/Ice        ####..       1%          2    None
c - Confuse               Hex            ####....     1%          3    None
d - Tukima's Dance        Hex            ####....     1%          3    None
e - Dazzling Spray        Conj/Hex       ####....     2%          3    None
f - Gell's Gravitas       Hex/Tloc       ####......   1%          3    None
g - Shroud of Golubria    Chrm/Tloc      ###.......   1%          2    None
h - Regeneration          Chrm/Necr      ###.......   4%          3    None
i - Metabolic Englaciati  Hex/Ice        ####......   21%         5    #####..
j - Spectral Weapon       Hex/Chrm       ####....     1%          3    None


Dungeon Overview and Level Annotations

Branches:
Dungeon (1/1)

Altars:
Cheibriados
Dithmenos
Elyvilon
Fedhas
Gozag
Kikubaaqudgha
Makhleb
Nemelex Xobeh
Okawaru
Qazlal
Ru
Sif Muna
Trog
Vehumet
Xom
Yredelemnul
Zin
The Shining One
Jiyva
Lugonu


Innate Abilities, Weirdness & Mutations

You are tiny and cannot use many weapons and most armour.
You have supernaturally acute eyesight.
You are a herbivore.
You cover ground extremely quickly.
You need consume almost no food.
You are partially covered in large bone plates (AC +2, SH +2).
You are dopey. (Int -2)
You are somewhat resistant to further mutation.
You can spit weak poison.


Message History

Unknown command.
Unknown command.
Unknown command.
You start waiting.
Your shroud unravels.
You enter the shallow water.
Moving in this stuff is going to be slow.
You open the door.
Casting: Corona
Confirm with . or Enter, or press ? or * to list all spells.
Okay, then.
Casting: Corona
Confirm with . or Enter, or press ? or * to list all spells.
Okay, then.
Casting: Corona
Confirm with . or Enter, or press ? or * to list all spells.
You draw out your weapon's spirit!
The earth elemental hits you!!!
Ouch! That really hurt!
You die...

..#___#__[#__###$$#
..#)..#..)#%_#$.oo
..###+#+###+##$.oo
..#..........#.$o
..'.⌠........#.$#
..#...######'#.$
..#.⌠.#__#...#+#######
..#...#__#...#§(§E§§.#
..#+###__#...#§#@§≈#.#
..#.?)#__#...'.#§§.#.#
..#___#_.+...#.#§..#..
▓▓▓▓▓▓▓▓▓▓▓▓▓▓▓▓▓▓▓▓▓▓▓


You could see an earth elemental.

Vanquished Creatures
  Snorg (D)
  A deep elf priest (D)
  A shadow (D)
  A spatial vortex (D)
  A necrophage (D)
  A water elemental (D)
  A jelly (D)
  Jessica (D)
  A necromancer (D)
  A wizard (D)
  3 humans (D)
  A kobold demonologist (D)
  An ooze (D)
  A phantom (D)
  2 rats (D)
18 creatures vanquished.

Vanquished Creatures (others)
  2 draconian scorchers (D)
  A hydra (D)
  2 fire drakes (D)
  2 yaktaurs (D)
  An electric eel (D)
  5 plants (D)
13 creatures vanquished.

Grand Total: 31 creatures vanquished

Notes
Turn   | Place    | Note
--------------------------------------------------------------
     0 | D        | Kidiri the Spriggan Enchanter began the quest for the Orb.
     0 | D        | Reached XP level 1. HP: 9/9 MP: 5/5
    11 | D        | Reached skill level 5 in Stealth
    27 | D        | Noticed Jessica
    41 | D        | Killed Jessica
    41 | D        | Reached skill level 6 in Stealth
    41 | D        | Reached XP level 2. HP: 4/13 MP: 6/8
    41 | D        | Reached XP level 3. HP: 4/16 MP: 7/10
    48 | D        | Learned a level 2 spell: Ensorcelled Hibernation
    52 | D        | Learned a level 3 spell: Confuse
    56 | D        | Learned a level 3 spell: Tukima's Dance
   103 | D        | Killed a yaktaur
   145 | D        | Killed a white draconian scorcher
   150 | D        | Killed a fire drake
   195 | D        | Killed a white draconian scorcher
   267 | D        | Killed a fire drake
   306 | D        | Reached skill level 7 in Stealth
   306 | D        | Reached skill level 5 in Spellcasting
   329 | D        | Gained mutation: You are partially covered in large bone plates (AC +2, SH +2). [potion of mutation]
   329 | D        | Gained mutation: You can spit weak poison. [potion of mutation]
   330 | D        | Gained mutation: You are dopey. (Int -2) [potion of mutation]
   330 | D        | Gained mutation: You are somewhat resistant to further mutation. [potion of mutation]
   362 | D        | Learned a level 3 spell: Dazzling Spray
   367 | D        | Noticed a water elemental
   370 | D        | Killed a water elemental
   370 | D        | Reached skill level 5 in Dodging
   370 | D        | Reached skill level 8 in Stealth
   370 | D        | Reached skill level 1 in Conjurations
   370 | D        | Reached skill level 5 in Hexes
   370 | D        | Reached skill level 1 in Ice Magic
   370 | D        | Reached XP level 4. HP: 21/21 MP: 11/13
   379 | D        | Noticed a jelly
   380 | D        | Noticed a shadow
   382 | D        | Killed a shadow
   382 | D        | Reached skill level 10 in Stealth
   382 | D        | Reached XP level 5. HP: 24/24 MP: 13/16
   384 | D        | Killed a seven-headed hydra
   386 | D        | Killed a jelly
   386 | D        | Reached XP level 6. HP: 28/28 MP: 14/18
   391 | D        | Found a stormy altar of Qazlal.
   391 | D        | Found a sacrificial altar of Ru.
   391 | D        | Found a burning altar of Makhleb.
   391 | D        | Found a shimmering altar of Xom.
   391 | D        | Noticed a spatial vortex
   392 | D        | Found a viscous altar of Jiyva.
   392 | D        | Found a shadowy altar of Dithmenos.
   392 | D        | Found a sparkling altar of Nemelex Xobeh.
   392 | D        | Found a corrupted altar of Lugonu.
   392 | D        | Found an opulent altar of Gozag.
   398 | D        | Became a worshipper of Dithmenos the Shadowed
   484 | D        | Killed a yaktaur
   696 | D        | Killed an electric eel
   801 | D        | Killed a spatial vortex
   801 | D        | Reached skill level 5 in Short Blades
   801 | D        | Reached skill level 11 in Stealth
   801 | D        | Reached skill level 1 in Invocations
   911 | D        | Found a radiant altar of Vehumet.
   912 | D        | Found a deep blue altar of Sif Muna.
   912 | D        | Found an ancient bone altar of Kikubaaqudgha.
   912 | D        | Noticed a wizard
   913 | D        | Killed a wizard
   936 | D        | Learned a level 3 spell: Gell's Gravitas
   939 | D        | Learned a level 2 spell: Shroud of Golubria
   943 | D        | Learned a level 3 spell: Regeneration
  1030 | D        | Found a glowing silver altar of Zin.
  1031 | D        | Found a glowing golden altar of the Shining One.
  1031 | D        | Found a white marble altar of Elyvilon.
  1031 | D        | Noticed a deep elf priest
  1033 | D        | Killed a deep elf priest
  1033 | D        | Reached skill level 12 in Stealth
  1033 | D        | Reached skill level 1 in Necromancy
  1033 | D        | Reached XP level 7. HP: 32/32 MP: 18/20
  1043 | D        | Found an iron altar of Okawaru.
  1044 | D        | Found a bloodstained altar of Trog.
  1044 | D        | Noticed a human
  1044 | D        | Noticed a human
  1046 | D        | Killed a human
  1047 | D        | Killed a human
  1063 | D        | Found a basalt altar of Yredelemnul.
  1063 | D        | Found a snail-covered altar of Cheibriados.
  1063 | D        | Found a blossoming altar of Fedhas.
  1063 | D        | Noticed a necrophage
  1063 | D        | Noticed a necromancer
  1065 | D        | Killed a necrophage
  1065 | D        | Acquired Dithmenos's first power
  1066 | D        | Killed a necromancer
  1066 | D        | Reached XP level 8. HP: 36/36 MP: 22/22
  1092 | D        | Noticed Snorg
  1097 | D        | Killed Snorg
  1097 | D        | Reached skill level 13 in Stealth
  1097 | D        | Reached skill level 10 in Spellcasting
  1097 | D        | Reached skill level 5 in Charms
  1097 | D        | Reached skill level 5 in Translocations
  1142 | D        | Learned a level 5 spell: Metabolic Englaciation
  1203 | D        | Noticed an earth elemental
  1227 | D        | Learned a level 3 spell: Spectral Weapon
  1228 | D        | Noticed an orc priest
  1228 | D        | Noticed an orc wizard
  1228 | D        | Noticed an orc warrior
  1228 | D        | Noticed an orc priest
  1239 | D        | Slain by an earth elemental

Vault maps used:
D:        dungeon_sprint_mu

Action                   |  1- 3 |  4- 6 |  7- 9 || total
-------------------------+-------+-------+-------++-------
Melee: Dagger            |    15 |    46 |    16 ||    77
 Cast: Corona            |     1 |       |       ||     1
       Ensorcelled Hiber |     2 |       |       ||     2
       Dazzling Spray    |       |     1 |     2 ||     3
       Shroud of Golubri |       |       |     1 ||     1
       Spectral Weapon   |       |       |     1 ||     1
  Use: Scroll            |     5 |       |       ||     5
       Potion            |     2 |       |       ||     2
 Stab: Sleeping          |     5 |     5 |     5 ||    15
